 Dungeon Crawl Stone Soup version 0.31-a0-845-g9abc20d24f (webtiles) character file.

Game seed: 5733135849073120104

8299 Danienth the Skirmisher (level 11, 0/73 HPs)
             Began as a Kobold Hunter on Oct 2, 2023.
             Was a Believer of Dithmenos.
             Slain by Snorg (9 damage)
             ... on level 10 of the Dungeon.
             The game lasted 00:42:47 (13385 turns).

Danienth the Skirmisher (Kobold Hunter)            Turns: 13385, Time: 00:42:48

Health: 0/73       AC: 12    Str:  7    XL:     11   Next: 53%
Magic:  11/11      EV: 24    Int: 15    God:    Dithmenos [**....]
Gold:   373        SH:  0    Dex: 22    Spells: 5/10 levels left

rFire   x x .        j - +4 dagger
rCold   x x .        (no shield)
rNeg    . . .        c - +0 leather armour
rPois   +            (helmet restricted)
rElec   .            (no cloak)
rCorr   .            (no gloves)
SInv    .            (no boots)
Will    +....        p - amulet of Elemental Vulnerability {rPois rF-- rC-- AC+8}
Stlth   +++          I - +5 ring of evasion
HPRegen 0.32/turn    h - ring of willpower
MPRegen 0.12/turn

%: no passive effects
@: confused, ambrosia-drunk, wreathed by umbra
A: small, no large weapons, nightstalker 3, horns 1, clever 1, sense
surroundings 1, shaggy fur 1
a: Renounce Religion, Shadow Step


You were on level 10 of the Dungeon.
You worshipped Dithmenos.
Dithmenos was pleased with you.
You visited 2 branches of the dungeon, and saw 11 of its levels.

You collected 590 gold pieces.
You spent 217 gold pieces at shops.

Inventory:

Hand Weapons
 a - a +0 shortbow of flaming
 d - a +2 dagger of speed
 g - a +1 dagger of venom
 i - a +3 scimitar of flaming
 j - a +4 dagger (weapon)
 s - a +4 mace of protection
 w - a +2 dagger of draining
 x - a +3 arbalest of electrocution
 D - the +6 flail of Ignis's Envy {pain, rElec}
   (You found it on level 7 of the Dungeon)

   rElec:     It insulates you from electricity.
Missiles
 f - 3 throwing nets
 m - 2 atropa-tipped darts
 y - 6 poisoned darts (quivered)
Armour
 c - a +0 leather armour (worn)
 t - a +2 helmet
 F - +0 steam dragon scales
 H - +0 acid dragon scales
Jewellery
 b - a ring of magical power
 h - a ring of willpower (right hand)
 p - the amulet of Elemental Vulnerability (around neck) {rPois rF-- rC-- AC+8}
   (You found it on level 3 of the Dungeon)

   [amulet of nothing]

   AC+8:      It affects your AC (+8).
   rF--:      It makes you very vulnerable to fire.
   rC--:      It makes you very vulnerable to cold.
   rPois:     It protects you from poison
 z - a ring of flight
 I - a +5 ring of evasion (left hand)
Talismans
 G - a maw talisman
Wands
 C - a wand of polymorph (8)
 E - a wand of mindburst (9)
Scrolls
 n - 2 scrolls of identify
Potions
 e - 3 potions of magic
 k - 3 potions of curing
 l - 4 potions of brilliance
 o - 2 potions of cancellation
 q - a potion of attraction
 u - 3 potions of degeneration
 A - a potion of lignification
 B - a potion of resistance
 J - 5 potions of ambrosia


   Skills:
 * Level 10.3 Fighting
 - Level 4.3 Short Blades
 - Level 0.2 Maces & Flails
 - Level 14.0 Ranged Weapons
 + Level 4.2 Armour
 + Level 7.7 Dodging
 - Level 8.1 Stealth


You had 5 spell levels left.
You knew the following spells:

 Your Spells              Type           Power      Damage    Failure   Level
a - Blink                 Tloc           0%         N/A       52%         2
b - Vampiric Draining     Necr           0%         2d6       75%         3

Your spell library contained the following spells:

 Spells                   Type           Power      Damage    Failure   Level
 Magic Dart               Conj           0%         1d3       36%         1
 Necrotise                Necr           0%         1d4       36%         1
 Sting                    Tmut/Pois      0%         1d3       36%         1
 Lesser Beckoning         Tloc           0%         N/A       52%         2
 Momentum Strike          Conj/Tloc      0%         3d8       52%         2
 Poisonous Vapours        Pois/Air       0%         N/A       52%         2
 Gell's Gravitas          Tloc           0%         N/A       75%         3
 Teleport Other           Tloc           0%         N/A       75%         3
 Leda's Liquefaction      Hex/Erth       0%         N/A       98%         4
 Olgreb's Toxic Radiance  Pois           0%         N/A       98%         4
 Agony                    Necr           0%         N/A       100%        5
 Lee's Rapid Deconstruct  Erth           0%         3d4*      100%        5
 Bombard                  Conj/Erth      0%         9d1       100%        6
 Dispersal                Tloc           0%         N/A       100%        6


Dungeon Overview and Level Annotations

Branches:
Dungeon (10/15)            Temple (1/1) D:5
   Lair: D:8-11         Orc: D:9-12

Altars:
Ashenzari
Cheibriados
Dithmenos
Elyvilon
Fedhas
Gozag
Hepliaklqana
Kikubaaqudgha
Makhleb
Nemelex Xobeh
Okawaru
Qazlal
Ru
Sif Muna
Trog
Uskayaw
Vehumet
Wu Jian
Xom
Yredelemnul
Zin
The Shining One

Shops:
D:2 ((:(   D:3 *

Annotations:
D:10 Snorg


Innate Abilities, Weirdness & Mutations

You are small and have problems with some larger weapons.
You are completely attuned to the shadows.
You have a pair of small horns on your head.
Your mind is acute. (Int +4, Str/Dex -1)
You passively map a small area around you.
You are covered in fur. (AC +1)


Message History

You hit Snorg. You headbutt Snorg.
Snorg is almost dead.
Snorg bites you but does no damage. Snorg completely misses you.
Snorg closely misses you.
Hit: j) +4 dagger
Press: ? - help, Dir - move target, f/p - Snorg
Aim: Snorg (almost dead, berserk, lightly drained, umbra, about 25% to evade your +4 dagger)
You completely miss Snorg.
Snorg is almost dead.
Snorg completely misses you. Snorg claws you but does no damage.
Snorg misses you. Snorg completely misses you. Snorg barely misses you.
Snorg completely misses you.
Hit: j) +4 dagger
Press: ? - help, Dir - move target, f/p - Snorg
Aim: Snorg (almost dead, berserk, lightly drained, umbra, about 25% to evade your +4 dagger)
You barely miss Snorg. You headbutt Snorg, but do no damage.
Snorg is almost dead.
Snorg bites you! Snorg barely misses you. Snorg completely misses you.
Hit: j) +4 dagger
Press: ? - help, Dir - move target, f/p - Snorg
Aim: Snorg (almost dead, berserk, lightly drained, umbra, about 25% to evade your +4 dagger)
You hit Snorg.
Snorg is almost dead.
Snorg bites you but does no damage. Snorg completely misses you.
Snorg claws you but does no damage.
Hit: j) +4 dagger
Press: ? - help, Dir - move target, f/p - Snorg
Aim: Snorg (almost dead, berserk, lightly drained, umbra, about 25% to evade your +4 dagger)
You puncture Snorg! Your headbutt misses Snorg.
Snorg is almost dead.
Snorg closely misses you. Snorg claws you!
* * * LOW HITPOINT WARNING * * *
Snorg claws you.
* * * LOW HITPOINT WARNING * * *
You are confused.
You feel invigorated. Snorg closely misses you. Snorg barely misses you.
Snorg completely misses you. Snorg bites you!
* * * LOW HITPOINT WARNING * * *
Snorg claws you but does no damage. Snorg claws you!
You die...

###'''### ........
#....# *####'###
#....# #.# ####.# #.#
#.# #.# #.# #.# *
########.## #.#
..........# ###.### ,
,....@.....###
#......
...T........###......
..(.......#..........
..........#####.....^
, ,(.........#
######. , .......(.#
#####.. **** ** *
#.....# , ###'#####
#........


You could see Snorg (berserk, drained).

Vanquished Creatures
  Erica (D:8)
  Pikel (D:7)
  The ghost of ratmeat3 the Insei, a novice OpBe of Trog (D:5)
  A hornet (D:8)
  A queen bee (D:10)
  Sigmund (D:3)
  A shadow (D:6)
  A vampire (D:9)
  2 wyverns
  3 yaks (D:10)
  A steam dragon (D:9)
  2 acid dragons
  7 water moccasins
  An ice beast (D:7)
  A sky beast (D:6)
  5 ogres (D:5)
  2 black bears (D:6)
  5 centaurs
  A bullfrog (D:7)
  2 scorpions
  2 gnoll sergeants
  9 wights
  36 killer bees
  2 hounds
  3 jellies
  3 orc priests
  An iguana (D:7)
  A sleepcap (D:5)
  6 orc wizards
  Robin (D:4)
  13 gnolls
  4 adders
  4 white imps
  An ufetubus (D:7)
  4 worms
  3 dart slugs
  34 orcs
  7 endoplasms
  6 giant cockroaches
  20 goblins
  12 hobgoblins
  3 jackals (D:4)
  A quokka (D:4)
  11 ball pythons
  6 bats
  10 frilled lizards (D:1)
  7 kobolds
  7 rats
257 creatures vanquished.

Notes
Turn   | Place    | Note
-------+----------+-------------------------------------------
     0 | D:1      | Danienth the Kobold Hunter began the quest for the Orb.
     0 | D:1      | Reached XP level 1. HP: 12/12 MP: 1/1
   138 | D:2      | Reached XP level 2. HP: 18/18 MP: 2/2
   164 | D:2      | Reached XP level 3. HP: 22/22 MP: 3/3
   562 | D:1      | Reached XP level 4. HP: 27/27 MP: 4/4
  1209 | D:1      | Learned a level 2 spell: Blink
  1245 | D:2      | Found Peoporph's Antique Weapon Shoppe.
  1537 | D:2      | Found a faded altar of an unknown god.
  1541 | D:2      | Got a rare book
  1575 | D:2      | Found Xagif's Book Emporium.
  1610 | D:2      | Reached skill level 6 in Ranged Weapons
  1610 | D:2      | Reached XP level 5. HP: 32/32 MP: 5/5
  1796 | D:2      | Found Feutoidgh's Antique Weapon Emporium.
  1822 | D:2      | Found Saliseas's Antique Weapon Shop.
  2604 | D:3      | Found the amulet of Elemental Vulnerability {rPois rF--
                  | rC-- AC+8}
  2911 | D:3      | Noticed Sigmund
  2923 | D:3      | Killed Sigmund
  2924 | D:3      | Reached XP level 6. HP: 38/38 MP: 6/6
  3021 | D:3      | Found Housar's General Store.
  3151 | D:3      | Reached skill level 7 in Ranged Weapons
  3702 | D:4      | Reached XP level 7. HP: 43/43 MP: 7/7
  3878 | D:4      | Found a glowing silver altar of Zin.
  3878 | D:4      | Noticed an angel
  4116 | D:4      | Noticed Robin
  4123 | D:4      | Killed Robin
  4162 | D:4      | Found a snail-covered altar of Cheibriados.
  4205 | D:4      | Reached skill level 8 in Ranged Weapons
  4266 | D:4      | Noticed a water moccasin
  4276 | D:3      | Killed a water moccasin
  4277 | D:3      | Reached skill level 1 in Short Blades
  4538 | D:5      | Entered Level 5 of the Dungeon
  4708 | D:5      | Found a basalt altar of Yredelemnul.
  4717 | D:5      | Found a radiant altar of Vehumet.
  4722 | D:5      | Found a hazy altar of Hepliaklqana.
  4735 | D:5      | Found a broken altar of Ashenzari.
  4741 | D:5      | Found a hide-covered altar of Uskayaw.
  4774 | D:5      | Noticed a water moccasin
  4783 | D:5      | Killed a water moccasin
  4784 | D:5      | Reached skill level 5 in Fighting
  4784 | D:5      | Reached XP level 8. HP: 47/49 MP: 8/8
  5033 | D:5      | Found a transporter.
  5057 | D:5      | Found a staircase to the Ecumenical Temple.
  5067 | Temple   | Entered the Ecumenical Temple
  5168 | D:5      | Identified the +3 giant spiked club of the Malding Shrike
                  | {venom, rF- rCorr Str-4 Stlth+}
  5170 | D:5      | Found a transporter.
  5170 | D:5      | Noticed ratmeat3's ghost (novice OpBe)
  5570 | D:5      | Reached skill level 9 in Ranged Weapons
  6203 | D:5      | Killed ratmeat3's ghost
  6204 | D:5      | Reached skill level 10 in Ranged Weapons
  6204 | D:5      | Reached XP level 9. HP: 55/55 MP: 9/9
  6214 | D:5      | Reached skill level 11 in Ranged Weapons
  6606 | D:6      | Reached skill level 12 in Ranged Weapons
  7332 | D:6      | Found a sparkling altar of Nemelex Xobeh.
  7449 | D:2      | Bought a glowing arbalest for 217 gold pieces
  7522 | D:7      | Gained mutation: Your spells are a little harder to cast,
                  | but a little more powerful. [potion of mutation]
  7523 | D:7      | Lost mutation: Your spells are a little harder to cast, but
                  | a little more powerful. [potion of mutation]
  7523 | D:7      | Gained mutation: Your spells are a little harder to cast,
                  | but a little more powerful. [potion of mutation]
  7523 | D:7      | Gained mutation: You are dopey. (Int -2) [potion of
                  | mutation]
  7523 | D:7      | Gained mutation: You passively map a small area around you.
                  | [potion of mutation]
  7524 | D:7      | Lost mutation: Your spells are a little harder to cast, but
                  | a little more powerful. [potion of mutation]
  7524 | D:7      | Lost mutation: You are dopey. (Int -2) [potion of mutation]
  7524 | D:7      | Gained mutation: You have a pair of small horns on your
                  | head. [potion of mutation]
  7524 | D:7      | Gained mutation: Your mind is acute. (Int +4, Str/Dex -1)
                  | [potion of mutation]
  7524 | D:7      | Gained mutation: You are covered in fur. (AC +1) [potion of
                  | mutation]
  7542 | D:7      | You fall into a shaft and drop 2 floors!
  8159 | D:9      | Found a shadowy altar of Dithmenos.
  8162 | D:9      | Found an iron altar of Okawaru.
  8166 | D:9      | Became a worshipper of Dithmenos the Shadowed
  8167 | D:9      | Found an opulent altar of Gozag.
  8188 | D:8      | Reached skill level 13 in Ranged Weapons
  8250 | D:8      | Found a sacrificial altar of Ru.
  8416 | D:8      | Reached XP level 10. HP: 64/64 MP: 10/10
  8584 | D:8      | Reached skill level 14 in Ranged Weapons
  8649 | D:8      | Noticed Erica
  8674 | D:8      | Killed Erica
  8675 | D:8      | Reached skill level 1 in Armour
  8675 | D:8      | Reached skill level 5 in Dodging
  8675 | D:8      | Reached skill level 5 in Stealth
  8950 | D:8      | Learned a level 3 spell: Vampiric Draining
  9436 | D:7      | Reached * piety under Dithmenos
  9555 | D:7      | Found an ancient bone altar of Kikubaaqudgha.
  9642 | D:7      | Identified the +6 flail of Ignis's Envy {pain, rElec}
  9847 | D:7      | Noticed Pikel
  9850 | D:7      | Killed Pikel
 10248 | D:9      | Reached XP level 11. HP: 71/71 MP: 11/11
 11945 | D:10     | Entered Level 10 of the Dungeon
 12181 | D:10     | Reached ** piety under Dithmenos
 12194 | D:10     | Reached skill level 10 in Fighting
 12679 | D:10     | Noticed Snorg
 13385 | D:10     | Slain by Snorg

Illustrated notes

Levels and vault maps discovered:
D:1:      dpeg_arrival_stonehenge_12_columns, layout_basic, minmay_lizard_king
D:2:      layout_basic, shapermc_ecumenical_altar_rom_forum, serial_shops, shop,
          shop, shop, nicolae_shop_stone
D:3:      cheibrodos_helix_gallery, layout_basic, serial_shops, shop,
          uniq_sigmund
D:4:      layout_cave_pods, zin_angel, cheibriados_altar_1, uniq_robin
D:5:      layout_loops_ring, minmay_overflow_temple_star_hex,
          minmay_temple_entry_statues_pillars, gammafunk_ghost_smash,
          chequers_big_river
D:6:      layout_basic, mainiacjoe_overflow_alcove_1, eino_tiny_chamber
D:7:      layout_cave_pools, mainiacjoe_overflow_surrounded_room, uniq_pikel
D:8:      layout_loops_ring, hangedman_ru_absence, uniq_erica
D:9:      layout_layer_cave, grunt_temple_overflow_open
D:10:     layout_roguey [special_room_bee], kennysheep_cluttered_room,
          chequers_jeans, minmay_misc_feat_tiny, uniq_snorg
Temple:   compressed_dpeg_triangle_lava_temple

Skill      XL: |  1  2  3  4  5  6  7  8  9 10 11 |
---------------+----------------------------------+-----
Stealth        | 2 3 4 6 8 |  8.1
Dodging        | 3 4 6 7 |  7.7
Fighting       | 3 4 5 6 7 9 10 | 10.3
Ranged Weapons | 6 7 8 10 13 14 | 14.0
Short Blades   | 3 4 |  4.3
Armour         | 2 4 |  4.2
Maces & Flails | |  0.2

Action                     |  1- 3 |  4- 6 |  7- 9 | 10-12 || total
---------------------------+-------+-------+-------+-------++-------
  Melee: Dagger            |       |       |    15 |    36 ||    51
         Headbutt          |       |       |     1 |    12 ||    13
         Punch             |       |       |     1 |     1 ||     2
   Fire: Shortbow          |    53 |   190 |   240 |       ||   483
         Arbalest          |       |       |    16 |   209 ||   225
  Throw: Throwing net      |       |     1 |       |       ||     1
         Dart              |       |       |       |     2 ||     2
    Use: Scroll            |     1 |     5 |    10 |     5 ||    21
         Potion            |       |       |     4 |     7 ||    11
   Stab: Sleeping          |       |       |       |     1 ||     1
 Armour: Leather armour    |     5 |    23 |    63 |    90 ||   181
  Dodge: Dodged            |    19 |    49 |    72 |   296 ||   436

Table legend: (Time is in decaauts)
 A = Elapsed time spent in this place.
 B = Non-inter-level travel time spent in this place.
 C = Inter-level travel time spent in this place.
 D = Time resting spent in this place.
 E = Time spent auto-exploring this place.
 F = Levels seen in this place.
 G = Mean time per level.
                   A        B        C        D        E       F      G
               +--------+--------+--------+--------+--------+-----+--------+
         Total |  13468 |  12556 |    912 |   4026 |   7075 |  11 | 1224.4 |
       Dungeon |  13376 |  12554 |    822 |   4026 |   7075 |  10 | 1337.6 |
        Temple |     91 |      1 |     90 |      0 |      0 |   1 |   91.0 |
               +--------+--------+--------+--------+--------+-----+--------+

Top non-repeatable levels by time:
     D:9: 2511 daAuts
     D:5: 1723 daAuts
    D:10: 1452 daAuts
     D:3: 1387 daAuts
     D:4: 1130 daAuts
     D:6: 1114 daAuts
     D:2: 1107 daAuts
     D:1: 1000 daAuts
     D:7: 975 daAuts
     D:8: 973 daAuts
  Temple: 91 daAuts
